| Goals | Penalties |
1. Golden Knights , Nic Dowd 3 (Joel Kiviranta 2) at 10:37
|
Roman Josi (CHI) for Hooking (Minor) at 11:14
|
2. Blackhawks , Mark Stone 3 (Mikael Backlund 4, Tyler Bertuzzi 2) at 2:24
3. Golden Knights , Jake Evans 1 (Ondrej Palat 2) at 6:23
4. Blackhawks , Yakov Trenin 1 (Michael Amadio 1, Moritz Seider 3) at 15:21
|
Niko Mikkola (CHI) for Goalie Interference (Minor) at 8:48
|
5. Blackhawks , Yanni Gourde 1 (Roman Josi 2, Moritz Seider 4) at 14:40
|
Tyler Bertuzzi (CHI) for Hooking (Minor) at 15:04
|
|
David Rittich (CHI), 32 saves from 34 shots - (0,941), W, 1-1-0, 60:00 minutes
Connor Hellebuyck (VGK), 35 saves from 38 shots - (0,921), L, 3-2-0, 59:09 minutes
|
|
1 - Jake Evans (VGK)
2 - Mark Stone (CHI)
3 - David Rittich (CHI)
|
Referees : Chris Rooney and Furman South
Linesman : Luke Murray and Bevan Mills
|
|
Lucas Carlsson is injured at 4:15 of 3rd period (Bruised Left Arm)
|
|
Level 1 -- Attendance: 6000 (100,00%) -- Ticket Income $450,000
Level 2 -- Attendance: 4330 (86,60%) -- Ticket Income $281,450
Level 3 -- Attendance: 1495 (74,75%) -- Ticket Income $67,275
Level 4 -- Attendance: 2206 (55,15%) -- Ticket Income $77,210
Luxury Box -- Attendance: 1000 (100,00%) -- Ticket Income $125,000
Game was played at the T-Mobile arena.
Total Attendance: 15031 (83,51%)
Total Ticket Income: $1,000,935
Other Income: $490,458
Total Income: $1,491,393
|
Blackhawks
| 5 vs 5 Forward |
|---|
| Line # | Left Wing | Center | Right Wing | PHY | DF | OF | Wanted % | Time % | Time Play |
| 1 | Tyler Bertuzzi | Mikael Backlund | Mark Stone | 0 | 1 | 4 | 31 | 31% | 16:41
|
| 2 | Matt Coronato | Michael Rasmussen | Adrian Kempe | 1 | 1 | 3 | 28 | 28% | 15:03
|
| 3 | James van Riemsdyk | Yanni Gourde | Kevin Hayes | 3 | 1 | 1 | 25 | 24% | 12:57
|
| 4 | Yakov Trenin | Luke Kunin | Michael Amadio | 2 | 2 | 1 | 16 | 16% | 8:18
|
| 5 vs 5 Defense |
|---|
| Line # | Defense | Defense | | PHY | DF | OF | Wanted % | Time % | Time Play |
| 1 | Moritz Seider | Roman Josi | | 0 | 2 | 3 | 39 | 40% | 21:18
|
| 2 | Niko Mikkola | Carson Soucy | | 1 | 3 | 1 | 34 | 34% | 17:56
|
| 3 | Pavel Mintyukov | Jack St. Ivany | | 2 | 3 | 0 | 27 | 26% | 13:45
|
| 4 | Moritz Seider | Roman Josi | | 1 | 2 | 2 | 0 | 0% | 0:00
|
| Power Play Forward |
|---|
| Line # | Left Wing | Center | Right Wing | PHY | DF | OF | Wanted % | Time % | Time Play |
| 1 | Adrian Kempe | Mikael Backlund | Mark Stone | 0 | 0 | 5 | 60 | 0% | 0:00
|
| 2 | Matt Coronato | Yanni Gourde | Tyler Bertuzzi | 0 | 0 | 5 | 40 | 0% | 0:00
|
| Power Play Defense |
|---|
| Line # | Defense | Defense | | PHY | DF | OF | Wanted % | Time % | Time Play |
| 1 | Moritz Seider | Roman Josi | | 0 | 0 | 5 | 60 | 0% | 0:00
|
| 2 | Pavel Mintyukov | Carson Soucy | | 0 | 0 | 5 | 40 | 0% | 0:00
|
| Penalty Kill 4 Players Forward |
|---|
| Line # | Center | Wing | PHY | DF | OF | Wanted % | Time % | Time Play |
| 1 | Yanni Gourde | Adrian Kempe | 1 | 3 | 1 | 60 | 76% | 4:30
|
| 2 | Mikael Backlund | Yakov Trenin | 1 | 3 | 1 | 40 | 24% | 1:27
|
| Penalty Kill 4 Players Defense |
|---|
| Line # | Defense | Defense | PHY | DF | OF | Wanted % | Time % | Time Play |
| 1 | Moritz Seider | Niko Mikkola | 1 | 2 | 2 | 60 | 70% | 4:09
|
| 2 | Carson Soucy | Jack St. Ivany | 1 | 2 | 2 | 40 | 30% | 1:48
|
| Penalty Kill 3 Players |
|---|
| Line # | Wing | PHY | DF | OF | Wanted % | Time % | Time Play | Defense | Defense | PHY | DF | OF | Wanted % | Time % | Time Play |
| 1 | Yanni Gourde | 1 | 3 | 1 | 60 | 0% | 0:00
| Moritz Seider | Niko Mikkola | 1 | 2 | 2 | 60 | 0% | 0:00
|
| 2 | Yakov Trenin | 2 | 2 | 1 | 40 | 0% | 0:00
| Carson Soucy | Jack St. Ivany | 1 | 2 | 2 | 40 | 0% | 0:00
|
| 4 vs 4 Forward |
|---|
| Line # | Center | Wing | PHY | DF | OF | Wanted % | Time % | Time Play |
| 1 | Mikael Backlund | Adrian Kempe | 1 | 2 | 2 | 60 | 0% | 0:00
|
| 2 | Yanni Gourde | Mark Stone | 1 | 2 | 2 | 40 | 0% | 0:00
|
| 4 vs 4 Defense |
|---|
| Line # | Defense | | PHY | DF | OF | Wanted % | Time % | Time Play |
| 1 | Moritz Seider | Roman Josi | 1 | 2 | 2 | 60 | 0% | 0:00
|
| 2 | Niko Mikkola | Carson Soucy | 1 | 2 | 2 | 40 | 0% | 0:00
|
| Last Minutes Offensive |
|---|
| Left Wing | Center | Right Wing | Defense | Defense |
| Adrian Kempe | Mikael Backlund | Mark Stone | Moritz Seider | Roman Josi |
| Last Minutes Defensive |
|---|
| Left Wing | Center | Right Wing | Defense | Defense |
| Michael Rasmussen | Yanni Gourde | Yakov Trenin | Moritz Seider | Roman Josi |
| Time |
|---|
| Total Forward | Total Defense | Last Minutes Offensive | Last Minutes Defensive |
| 60:00 |
60:00 |
0:00 | 1:04 |
| Extra Forwards |
|---|
| Normal | PowerPlay | Penalty Kill |
|
Adrian Kempe, Mark Stone, Yanni Gourde | Adrian Kempe, Mark Stone | Yakov Trenin |
| Extra Defensemen |
|---|
| Normal | PowerPlay | Penalty Kill |
|
Moritz Seider, Roman Josi, Niko Mikkola | Roman Josi, Moritz Seider | Niko Mikkola |
| Penalty Shots |
|---|
|
Adrian Kempe, Yanni Gourde, Kevin Hayes, Mark Stone, James van Riemsdyk |
| Goalie |
|---|
| David Rittich, Alex Nedeljkovic |
| Custom OT Lines Forwards |
|---|
|
Adrian Kempe, Mark Stone, Mikael Backlund, James van Riemsdyk, Yanni Gourde, Matt Coronato, Tyler Bertuzzi, Michael Amadio, Kevin Hayes, Michael Rasmussen |
| Custom OT Lines Defensemen |
|---|
|
Moritz Seider, Roman Josi, Carson Soucy, Pavel Mintyukov, Niko Mikkola |
| Scratches |
|---|
|
Dominic Toninato (Healthy), Tomas Tatar (Healthy), Adam Wilsby (Healthy) |
Golden Knights
| 5 vs 5 Forward |
|---|
| Line # | Left Wing | Center | Right Wing | PHY | DF | OF | Wanted % | Time % | Time Play |
| 1 | Matt Boldy | Evgeni Malkin | Brock Boeser | 0 | 2 | 3 | 36 | 31% | 16:13
|
| 2 | Blake Coleman | Jake Evans | Ondrej Palat | 0 | 2 | 3 | 34 | 30% | 15:45
|
| 3 | Joel Kiviranta | Nic Dowd | Matt Savoie | 0 | 3 | 2 | 17 | 22% | 11:36
|
| 4 | Jonny Brodzinski | Drake Caggiula | Patrick Maroon | 0 | 3 | 2 | 13 | 18% | 9:24
|
| 5 vs 5 Defense |
|---|
| Line # | Defense | Defense | | PHY | DF | OF | Wanted % | Time % | Time Play |
| 1 | Johnathan Kovacevic | Ryan Pulock | | 0 | 2 | 3 | 37 | 34% | 18:01
|
| 2 | Nick Leddy | Lucas Carlsson | | 0 | 2 | 3 | 33 | 30% | 16:06
|
| 3 | Jaycob Megna | Jayden Struble | | 0 | 3 | 2 | 17 | 19% | 10:18
|
| 4 | Lucas Carlsson | Jayden Struble | | 0 | 3 | 2 | 13 | 16% | 8:33
|
| Power Play Forward |
|---|
| Line # | Left Wing | Center | Right Wing | PHY | DF | OF | Wanted % | Time % | Time Play |
| 1 | Matt Boldy | Evgeni Malkin | Brock Boeser | 0 | 2 | 3 | 55 | 55% | 3:17
|
| 2 | Blake Coleman | Jake Evans | Ondrej Palat | 0 | 2 | 3 | 45 | 45% | 2:40
|
| Power Play Defense |
|---|
| Line # | Defense | Defense | | PHY | DF | OF | Wanted % | Time % | Time Play |
| 1 | Nick Leddy | Ryan Pulock | | 0 | 2 | 3 | 55 | 54% | 3:11
|
| 2 | Johnathan Kovacevic | Lucas Carlsson | | 0 | 2 | 3 | 45 | 46% | 2:46
|
| Penalty Kill 4 Players Forward |
|---|
| Line # | Center | Wing | PHY | DF | OF | Wanted % | Time % | Time Play |
| 1 | Jake Evans | Blake Coleman | 0 | 3 | 2 | 56 | 0% | 0:00
|
| 2 | Nic Dowd | Ondrej Palat | 0 | 3 | 2 | 44 | 0% | 0:00
|
| Penalty Kill 4 Players Defense |
|---|
| Line # | Defense | Defense | PHY | DF | OF | Wanted % | Time % | Time Play |
| 1 | Johnathan Kovacevic | Ryan Pulock | 0 | 3 | 2 | 55 | 0% | 0:00
|
| 2 | Lucas Carlsson | Nick Leddy | 0 | 3 | 2 | 45 | 0% | 0:00
|
| Penalty Kill 3 Players |
|---|
| Line # | Wing | PHY | DF | OF | Wanted % | Time % | Time Play | Defense | Defense | PHY | DF | OF | Wanted % | Time % | Time Play |
| 1 | Nic Dowd | 0 | 3 | 2 | 55 | 0% | 0:00
| Johnathan Kovacevic | Ryan Pulock | 0 | 3 | 2 | 55 | 0% | 0:00
|
| 2 | Jake Evans | 0 | 3 | 2 | 45 | 0% | 0:00
| Nick Leddy | Lucas Carlsson | 0 | 3 | 2 | 45 | 0% | 0:00
|
| 4 vs 4 Forward |
|---|
| Line # | Center | Wing | PHY | DF | OF | Wanted % | Time % | Time Play |
| 1 | Evgeni Malkin | Matt Boldy | 0 | 2 | 3 | 55 | 0% | 0:00
|
| 2 | Jake Evans | Brock Boeser | 0 | 2 | 3 | 45 | 0% | 0:00
|
| 4 vs 4 Defense |
|---|
| Line # | Defense | | PHY | DF | OF | Wanted % | Time % | Time Play |
| 1 | Johnathan Kovacevic | Ryan Pulock | 0 | 2 | 3 | 55 | 0% | 0:00
|
| 2 | Nick Leddy | Lucas Carlsson | 0 | 3 | 2 | 45 | 0% | 0:00
|
| Last Minutes Offensive |
|---|
| Left Wing | Center | Right Wing | Defense | Defense |
| Matt Boldy | Evgeni Malkin | Brock Boeser | Johnathan Kovacevic | Ryan Pulock |
| Last Minutes Defensive |
|---|
| Left Wing | Center | Right Wing | Defense | Defense |
| Blake Coleman | Jake Evans | Nic Dowd | Lucas Carlsson | Nick Leddy |
| Time |
|---|
| Total Forward | Total Defense | Last Minutes Offensive | Last Minutes Defensive |
| 60:00 |
60:00 |
1:05 | 0:00 |
| Extra Forwards |
|---|
| Normal | PowerPlay | Penalty Kill |
|
Brock Boeser, Jake Evans, Nic Dowd | Ondrej Palat, Matt Boldy | Joel Kiviranta |
| Extra Defensemen |
|---|
| Normal | PowerPlay | Penalty Kill |
|
Ryan Pulock, Nick Leddy, Johnathan Kovacevic | Lucas Carlsson, Jaycob Megna | Jayden Struble |
| Penalty Shots |
|---|
|
Matt Boldy, Brock Boeser, Evgeni Malkin, Blake Coleman, Jake Evans |
| Goalie |
|---|
| Connor Hellebuyck, Lukas Dostal |
| Custom OT Lines Forwards |
|---|
|
Evgeni Malkin, Brock Boeser, Matt Boldy, Jake Evans, Blake Coleman, Joel Kiviranta, Ondrej Palat, Nic Dowd, Jonny Brodzinski, Matt Savoie |
| Custom OT Lines Defensemen |
|---|
|
Johnathan Kovacevic, Ryan Pulock, Nick Leddy, Jaycob Megna, Jayden Struble |
| Scratches |
|---|
|
Jacob Bryson (Healthy) |
Play-by-Play
1st period
0:01 of 1st period - Evgeni Malkin wins face-off versus Mikael Backlund in neutral zone.
0:31 of 1st period - Off-side.
0:32 of 1st period - Yanni Gourde wins face-off versus Nic Dowd in neutral zone.
1:00 of 1st period - Wrist shot by Jonny Brodzinski.
1:00 of 1st period - Stopped by David Rittich with a rebound.
1:02 of 1st period - Slapshot by Lucas Carlsson.
1:02 of 1st period - Deflect By Drake Caggiula.
1:02 of 1st period - Shot Misses the Net.
1:02 of 1st period - Puck is out of play.
1:03 of 1st period - Drake Caggiula wins face-off versus Michael Rasmussen in Blackhawks zone.
2:10 of 1st period - Wrist shot by Matt Savoie.
2:10 of 1st period - Shot Misses the Net.
2:16 of 1st period - Snap shot by Mark Stone.
2:16 of 1st period - Stopped by Connor Hellebuyck with a rebound.
2:40 of 1st period - Wrist shot by Mark Stone.
2:40 of 1st period - Stopped by Connor Hellebuyck without a rebound.
2:41 of 1st period - Yanni Gourde wins face-off versus Blake Coleman in Golden Knights zone.
2:50 of 1st period - Wrist shot by Blake Coleman.
2:50 of 1st period - Shot Blocked by Yanni Gourde.
2:52 of 1st period - Slapshot by Ryan Pulock.
2:52 of 1st period - Stopped by David Rittich with a rebound.
3:49 of 1st period - Blake Coleman is hit by James van Riemsdyk.
4:11 of 1st period - Slapshot by Adrian Kempe.
4:11 of 1st period - Stopped by Connor Hellebuyck with a rebound.
4:41 of 1st period - Carson Soucy is hit by Lucas Carlsson and loses puck.
4:56 of 1st period - Snap shot by Jake Evans.
4:56 of 1st period - Shot Hit the Post.
5:42 of 1st period - Evgeni Malkin is hit by Jack St. Ivany and loses puck.
6:48 of 1st period - Adrian Kempe is hit by Johnathan Kovacevic.
7:29 of 1st period - Kevin Hayes is hit by Johnathan Kovacevic and loses puck.
7:56 of 1st period - Luke Kunin is hit by Blake Coleman and loses puck.
8:09 of 1st period - Nick Leddy is hit by Luke Kunin and loses puck.
8:20 of 1st period - Snap shot by Luke Kunin.
8:20 of 1st period - Shot Misses the Net.
8:30 of 1st period - Snap shot by Ondrej Palat.
8:30 of 1st period - Stopped by David Rittich without a rebound.
8:31 of 1st period - Michael Rasmussen wins face-off versus Brock Boeser in Blackhawks zone.
10:18 of 1st period - Luke Kunin is hit by Jake Evans and loses puck.
10:37 of 1st period - Wrist shot by Nic Dowd.
10:37 of 1st period - Goal by Nic Dowd - Blackhawks : 0 - Golden Knights : 1.
10:38 of 1st period - Evgeni Malkin wins face-off versus Michael Rasmussen in neutral zone.
11:14 of 1st period - Minor Penalty to Roman Josi for Hooking.
11:15 of 1st period - Yanni Gourde wins face-off versus Evgeni Malkin in Blackhawks zone.
11:15 of 1st period - Yanni Gourde is hit by Nick Leddy.
11:34 of 1st period - Evgeni Malkin is hit by Moritz Seider and loses puck.
11:49 of 1st period - Yanni Gourde is hit by Ondrej Palat and loses puck.
11:56 of 1st period - Snap shot by Blake Coleman.
11:56 of 1st period - Stopped by David Rittich with a rebound.
11:58 of 1st period - Wrist shot by Blake Coleman.
11:58 of 1st period - Stopped by David Rittich with a rebound.
13:09 of 1st period - Icing by Brock Boeser.
13:10 of 1st period - Evgeni Malkin wins face-off versus Luke Kunin in Golden Knights zone.
13:14 of 1st period - Penalty to Roman Josi is over, Roman Josi is back on ice.
13:21 of 1st period - Moritz Seider is hit by Jayden Struble and loses puck.
13:34 of 1st period - Slapshot by Roman Josi.
13:34 of 1st period - Shot Misses the Net.
13:38 of 1st period - Wrist shot by Roman Josi.
13:38 of 1st period - Stopped by Connor Hellebuyck with a rebound.
13:52 of 1st period - Snap shot by Kevin Hayes.
13:52 of 1st period - Stopped by Connor Hellebuyck with a rebound.
13:54 of 1st period - Slapshot by Kevin Hayes.
13:54 of 1st period - Stopped by Connor Hellebuyck with a rebound.
13:56 of 1st period - Slapshot by Luke Kunin.
13:56 of 1st period - Shot Blocked by Jaycob Megna.
13:58 of 1st period - Slapshot by Niko Mikkola.
13:58 of 1st period - Deflect By Kevin Hayes.
13:58 of 1st period - Shot Misses the Net.
13:58 of 1st period - Puck is out of play.
13:59 of 1st period - Jake Evans wins face-off versus Michael Rasmussen in Golden Knights zone.
14:01 of 1st period - Icing by Ondrej Palat.
14:02 of 1st period - Jake Evans wins face-off versus Matt Coronato in Golden Knights zone.
15:32 of 1st period - Wrist shot by Blake Coleman.
15:32 of 1st period - Shot Blocked by Roman Josi.
15:52 of 1st period - Wrist shot by Matt Boldy.
15:52 of 1st period - Stopped by David Rittich without a rebound.
15:53 of 1st period - Evgeni Malkin wins face-off versus Yanni Gourde in Blackhawks zone.
16:02 of 1st period - Snap shot by Evgeni Malkin.
16:02 of 1st period - Stopped by David Rittich with a rebound.
16:04 of 1st period - Snap shot by Jaycob Megna.
16:04 of 1st period - Shot Blocked by Pavel Mintyukov.
16:08 of 1st period - Wrist shot by Brock Boeser.
16:08 of 1st period - Shot Misses the Net.
16:41 of 1st period - Snap shot by Mikael Backlund.
16:41 of 1st period - Deflect By Tyler Bertuzzi.
16:41 of 1st period - Stopped by Connor Hellebuyck without a rebound.
16:42 of 1st period - Mikael Backlund wins face-off versus Brock Boeser in Golden Knights zone.
17:05 of 1st period - Slapshot by Mark Stone.
17:05 of 1st period - Shot Hit the Post.
17:07 of 1st period - Snap shot by Mark Stone.
17:07 of 1st period - Stopped by Connor Hellebuyck without a rebound.
17:08 of 1st period - Jake Evans wins face-off versus Yanni Gourde in Golden Knights zone.
17:41 of 1st period - Snap shot by Matt Coronato.
17:41 of 1st period - Stopped by Connor Hellebuyck with a rebound.
17:57 of 1st period - Snap shot by Matt Savoie.
17:57 of 1st period - Stopped by David Rittich without a rebound.
17:58 of 1st period - Mikael Backlund wins face-off versus Nic Dowd in Blackhawks zone.
18:14 of 1st period - Off-side.
18:15 of 1st period - Evgeni Malkin wins face-off versus Yanni Gourde in neutral zone.
18:59 of 1st period - Icing by Adrian Kempe.
19:00 of 1st period - Drake Caggiula wins face-off versus Michael Rasmussen in Blackhawks zone.
19:03 of 1st period - Slapshot by Jonny Brodzinski.
19:03 of 1st period - Deflect By Evgeni Malkin.
19:03 of 1st period - Stopped by David Rittich without a rebound.
19:04 of 1st period - Yanni Gourde wins face-off versus Evgeni Malkin in Blackhawks zone.
19:04 of 1st period - Yanni Gourde is hit by Evgeni Malkin.
19:30 of 1st period - Johnathan Kovacevic is hit by Matt Coronato.
Goals for this period are 0 for Blackhawks vs 1 for Golden Knights.
Shots for this period are 9 for Blackhawks vs 10 for Golden Knights.
2nd period
0:01 of 2nd period - Yanni Gourde wins face-off versus Evgeni Malkin in neutral zone.
0:14 of 2nd period - Kevin Hayes is hit by Brock Boeser and loses puck.
0:36 of 2nd period - Slapshot by Mikael Backlund.
0:36 of 2nd period - Stopped by Connor Hellebuyck without a rebound.
0:37 of 2nd period - Jake Evans wins face-off versus Michael Rasmussen in Golden Knights zone.
1:24 of 2nd period - Snap shot by Matt Savoie.
1:24 of 2nd period - Stopped by David Rittich without a rebound.
1:25 of 2nd period - Nic Dowd wins face-off versus Mikael Backlund in Blackhawks zone.
1:28 of 2nd period - Snap shot by Nic Dowd.
1:28 of 2nd period - Stopped by David Rittich with a rebound.
1:34 of 2nd period - Wrist shot by Matt Savoie.
1:34 of 2nd period - Stopped by David Rittich without a rebound.
1:35 of 2nd period - Mark Stone wins face-off versus Evgeni Malkin in Blackhawks zone.
1:44 of 2nd period - Snap shot by Mark Stone.
1:44 of 2nd period - Stopped by Connor Hellebuyck with a rebound.
1:46 of 2nd period - Slapshot by Tyler Bertuzzi.
1:46 of 2nd period - Shot Misses the Net.
1:48 of 2nd period - Wrist shot by Mark Stone.
1:48 of 2nd period - Stopped by Connor Hellebuyck with a rebound.
2:20 of 2nd period - Backhand shot by Mark Stone.
2:20 of 2nd period - Stopped by Connor Hellebuyck with a rebound.
2:22 of 2nd period - Snap shot by Mikael Backlund.
2:22 of 2nd period - Deflect By Mark Stone.
2:22 of 2nd period - Stopped by Connor Hellebuyck with a rebound.
2:24 of 2nd period - Slapshot by Mark Stone.
2:24 of 2nd period - Goal by Mark Stone - Blackhawks : 1 - Golden Knights : 1.
2:25 of 2nd period - Michael Rasmussen wins face-off versus Jake Evans in neutral zone.
3:00 of 2nd period - Snap shot by Matt Coronato.
3:00 of 2nd period - Stopped by Connor Hellebuyck with a rebound.
3:02 of 2nd period - Snap shot by Michael Rasmussen.
3:02 of 2nd period - Shot Misses the Net.
3:04 of 2nd period - Slapshot by Adrian Kempe.
3:04 of 2nd period - Stopped by Connor Hellebuyck with a rebound.
3:20 of 2nd period - Slapshot by Adrian Kempe.
3:20 of 2nd period - Stopped by Connor Hellebuyck with a rebound.
3:26 of 2nd period - Snap shot by Adrian Kempe.
3:26 of 2nd period - Stopped by Connor Hellebuyck with a rebound.
3:28 of 2nd period - Wrist shot by Adrian Kempe.
3:28 of 2nd period - Shot Misses the Net.
3:30 of 2nd period - Slapshot by Roman Josi.
3:30 of 2nd period - Shot Misses the Net.
4:40 of 2nd period - Snap shot by Matt Savoie.
4:40 of 2nd period - Shot Misses the Net.
4:46 of 2nd period - Slapshot by Adrian Kempe.
4:46 of 2nd period - Stopped by Connor Hellebuyck without a rebound.
4:47 of 2nd period - Jake Evans wins face-off versus Yanni Gourde in Golden Knights zone.
4:54 of 2nd period - Slapshot by Ondrej Palat.
4:54 of 2nd period - Shot Misses the Net.
4:56 of 2nd period - Slapshot by Ondrej Palat.
4:56 of 2nd period - Stopped by David Rittich with a rebound.
4:58 of 2nd period - Slapshot by Jake Evans.
4:58 of 2nd period - Stopped by David Rittich with a rebound.
5:14 of 2nd period - Yakov Trenin is hit by Matt Boldy and loses puck.
5:37 of 2nd period - Snap shot by Mikael Backlund.
5:37 of 2nd period - Stopped by Connor Hellebuyck without a rebound.
5:38 of 2nd period - Yanni Gourde wins face-off versus Drake Caggiula in Golden Knights zone.
6:13 of 2nd period - Snap shot by Mikael Backlund.
6:13 of 2nd period - Shot Misses the Net.
6:15 of 2nd period - Wrist shot by Mikael Backlund.
6:15 of 2nd period - Stopped by Connor Hellebuyck with a rebound.
6:17 of 2nd period - Slapshot by Mikael Backlund.
6:17 of 2nd period - Stopped by Connor Hellebuyck without a rebound.
6:18 of 2nd period - Ondrej Palat wins face-off versus Luke Kunin in Golden Knights zone.
6:23 of 2nd period - Slapshot by Jake Evans.
6:23 of 2nd period - Goal by Jake Evans - Blackhawks : 1 - Golden Knights : 2.
6:24 of 2nd period - Jake Evans wins face-off versus Luke Kunin in neutral zone.
7:16 of 2nd period - Snap shot by Jake Evans.
7:16 of 2nd period - Stopped by David Rittich with a rebound.
7:18 of 2nd period - Slapshot by Lucas Carlsson.
7:18 of 2nd period - Stopped by David Rittich without a rebound.
7:19 of 2nd period - Evgeni Malkin wins face-off versus James van Riemsdyk in Blackhawks zone.
7:28 of 2nd period - Slapshot by Kevin Hayes.
7:28 of 2nd period - Shot Blocked by Jayden Struble.
7:57 of 2nd period - Wrist shot by Drake Caggiula.
7:57 of 2nd period - Stopped by David Rittich with a rebound.
8:31 of 2nd period - Wrist shot by Patrick Maroon.
8:31 of 2nd period - Shot Misses the Net.
8:41 of 2nd period - Wrist shot by Adrian Kempe.
8:41 of 2nd period - Shot Blocked by Johnathan Kovacevic.
8:48 of 2nd period - Minor Penalty to Niko Mikkola for Goalie Interference.
8:49 of 2nd period - Evgeni Malkin wins face-off versus Yanni Gourde in Blackhawks zone.
9:47 of 2nd period - Adrian Kempe is hit by Lucas Carlsson.
10:48 of 2nd period - Penalty to Niko Mikkola is over, Niko Mikkola is back on ice.
11:07 of 2nd period - Wrist shot by Matt Savoie.
11:07 of 2nd period - Shot Misses the Net.
11:37 of 2nd period - Icing by Jayden Struble.
11:38 of 2nd period - Nic Dowd wins face-off versus Yanni Gourde in Golden Knights zone.
12:08 of 2nd period - Wrist shot by James van Riemsdyk.
12:08 of 2nd period - Stopped by Connor Hellebuyck with a rebound.
12:10 of 2nd period - Snap shot by Yanni Gourde.
12:10 of 2nd period - Shot Misses the Net.
12:12 of 2nd period - Slapshot by Niko Mikkola.
12:12 of 2nd period - Stopped by Connor Hellebuyck with a rebound.
12:14 of 2nd period - Wrist shot by James van Riemsdyk.
12:14 of 2nd period - Stopped by Connor Hellebuyck with a rebound.
12:16 of 2nd period - Snap shot by Yanni Gourde.
12:16 of 2nd period - Shot Misses the Net.
12:18 of 2nd period - Snap shot by Niko Mikkola.
12:18 of 2nd period - Shot Misses the Net.
12:20 of 2nd period - Snap shot by Yanni Gourde.
12:20 of 2nd period - Stopped by Connor Hellebuyck without a rebound.
12:21 of 2nd period - Evgeni Malkin wins face-off versus Mikael Backlund in Golden Knights zone.
12:21 of 2nd period - Evgeni Malkin is hit by Mikael Backlund.
14:25 of 2nd period - Snap shot by Blake Coleman.
14:25 of 2nd period - Deflect By Ondrej Palat.
14:25 of 2nd period - Shot Misses the Net.
14:25 of 2nd period - Puck is out of play.
14:26 of 2nd period - Tyler Bertuzzi wins face-off versus Jake Evans in Blackhawks zone.
14:26 of 2nd period - Tyler Bertuzzi is hit by Ondrej Palat.
14:36 of 2nd period - Wrist shot by Tyler Bertuzzi.
14:36 of 2nd period - Stopped by Connor Hellebuyck with a rebound.
15:05 of 2nd period - Wrist shot by Jake Evans.
15:05 of 2nd period - Shot Hit the Post.
15:07 of 2nd period - Slapshot by Jaycob Megna.
15:07 of 2nd period - Shot Blocked by Pavel Mintyukov.
15:09 of 2nd period - Slapshot by Jayden Struble.
15:09 of 2nd period - Deflect By Mikael Backlund.
15:09 of 2nd period - Stopped by David Rittich without a rebound.
15:10 of 2nd period - Evgeni Malkin wins face-off versus Luke Kunin in Blackhawks zone.
15:19 of 2nd period - Snap shot by Michael Amadio.
15:19 of 2nd period - Shot Misses the Net.
15:21 of 2nd period - Snap shot by Yakov Trenin.
15:21 of 2nd period - Goal by Yakov Trenin - Blackhawks : 2 - Golden Knights : 2.
15:22 of 2nd period - Evgeni Malkin wins face-off versus Yanni Gourde in neutral zone.
15:35 of 2nd period - Snap shot by Matt Boldy.
15:35 of 2nd period - Shot Misses the Net.
15:37 of 2nd period - Slapshot by Nick Leddy.
15:37 of 2nd period - Shot Misses the Net.
15:39 of 2nd period - Wrist shot by Brock Boeser.
15:39 of 2nd period - Stopped by David Rittich without a rebound.
15:40 of 2nd period - Mikael Backlund wins face-off versus Jake Evans in Blackhawks zone.
15:51 of 2nd period - Wrist shot by Tyler Bertuzzi.
15:51 of 2nd period - Stopped by Connor Hellebuyck without a rebound.
15:52 of 2nd period - Evgeni Malkin wins face-off versus Luke Kunin in Golden Knights zone.
15:52 of 2nd period - Evgeni Malkin is hit by Carson Soucy.
16:48 of 2nd period - Snap shot by Yanni Gourde.
16:48 of 2nd period - Shot Misses the Net.
17:33 of 2nd period - Icing by Evgeni Malkin.
17:34 of 2nd period - Jake Evans wins face-off versus Luke Kunin in Golden Knights zone.
17:39 of 2nd period - Slapshot by Johnathan Kovacevic.
17:39 of 2nd period - Shot Misses the Net.
17:53 of 2nd period - Luke Kunin is hit by Jake Evans and loses puck.
18:11 of 2nd period - Wrist shot by Michael Amadio.
18:11 of 2nd period - Stopped by Connor Hellebuyck with a rebound.
18:13 of 2nd period - Snap shot by Luke Kunin.
18:13 of 2nd period - Stopped by Connor Hellebuyck without a rebound.
18:14 of 2nd period - Yanni Gourde wins face-off versus Evgeni Malkin in Golden Knights zone.
18:15 of 2nd period - Slapshot by Moritz Seider.
18:15 of 2nd period - Stopped by Connor Hellebuyck with a rebound.
18:25 of 2nd period - Slapshot by Evgeni Malkin.
18:25 of 2nd period - Stopped by David Rittich with a rebound.
18:27 of 2nd period - Wrist shot by Matt Boldy.
18:27 of 2nd period - Stopped by David Rittich with a rebound.
18:29 of 2nd period - Slapshot by Nick Leddy.
18:29 of 2nd period - Stopped by David Rittich without a rebound.
18:30 of 2nd period - Evgeni Malkin wins face-off versus Mikael Backlund in Blackhawks zone.
19:10 of 2nd period - Roman Josi is hit by Drake Caggiula and loses puck.
19:48 of 2nd period - Slapshot by Nic Dowd.
19:48 of 2nd period - Shot Misses the Net.
Goals for this period are 2 for Blackhawks vs 1 for Golden Knights.
Shots for this period are 24 for Blackhawks vs 14 for Golden Knights.
3rd period
0:01 of 3rd period - Yanni Gourde wins face-off versus Evgeni Malkin in neutral zone.
1:31 of 3rd period - Icing by Yakov Trenin.
1:32 of 3rd period - Jake Evans wins face-off versus Yanni Gourde in Blackhawks zone.
1:35 of 3rd period - Snap shot by Ondrej Palat.
1:35 of 3rd period - Deflect By Blake Coleman.
1:35 of 3rd period - Shot Misses the Net.
1:35 of 3rd period - Puck is out of play.
1:36 of 3rd period - Jake Evans wins face-off versus Kevin Hayes in Blackhawks zone.
1:37 of 3rd period - Wrist shot by Blake Coleman.
1:37 of 3rd period - Stopped by David Rittich with a rebound.
1:52 of 3rd period - Wrist shot by Kevin Hayes.
1:52 of 3rd period - Shot Misses the Net.
2:02 of 3rd period - Lucas Carlsson is hit by Mark Stone and loses puck.
2:52 of 3rd period - Carson Soucy is hit by Nic Dowd and loses puck.
3:07 of 3rd period - Wrist shot by James van Riemsdyk.
3:07 of 3rd period - Shot Misses the Net.
3:09 of 3rd period - Slapshot by Niko Mikkola.
3:09 of 3rd period - Stopped by Connor Hellebuyck without a rebound.
3:10 of 3rd period - Matt Boldy wins face-off versus Yanni Gourde in Golden Knights zone.
3:10 of 3rd period - Matt Boldy is hit by Jack St. Ivany.
3:20 of 3rd period - Jack St. Ivany is hit by Jayden Struble and loses puck.
3:39 of 3rd period - Backhand shot by Moritz Seider.
3:39 of 3rd period - Stopped by Connor Hellebuyck without a rebound.
3:40 of 3rd period - Jake Evans wins face-off versus Mikael Backlund in Golden Knights zone.
3:51 of 3rd period - Wrist shot by Blake Coleman.
3:51 of 3rd period - Shot Misses the Net.
3:53 of 3rd period - Slapshot by Lucas Carlsson.
3:53 of 3rd period - Shot Misses the Net.
4:15 of 3rd period - Wrist shot by Michael Rasmussen.
4:15 of 3rd period - Shot Blocked by Lucas Carlsson.
4:15 of 3rd period - Lucas Carlsson from Golden Knights is injured at 4:15 of 3rd period (Bruised Left Arm).
4:16 of 3rd period - Michael Rasmussen wins face-off versus Evgeni Malkin in Golden Knights zone.
4:41 of 3rd period - Jayden Struble is hit by Jack St. Ivany and loses puck.
5:18 of 3rd period - Wrist shot by James van Riemsdyk.
5:18 of 3rd period - Stopped by Connor Hellebuyck without a rebound.
5:19 of 3rd period - Michael Rasmussen wins face-off versus Evgeni Malkin in Golden Knights zone.
5:28 of 3rd period - Backhand shot by Matt Coronato.
5:28 of 3rd period - Deflect By Adrian Kempe.
5:28 of 3rd period - Shot Misses the Net.
5:28 of 3rd period - Puck is out of play.
5:29 of 3rd period - Evgeni Malkin wins face-off versus Michael Rasmussen in Golden Knights zone.
5:34 of 3rd period - Matt Coronato is hit by Matt Boldy and loses puck.
5:51 of 3rd period - Snap shot by Matt Boldy.
5:51 of 3rd period - Shot Misses the Net.
5:59 of 3rd period - Wrist shot by Evgeni Malkin.
5:59 of 3rd period - Stopped by David Rittich without a rebound.
6:00 of 3rd period - Jake Evans wins face-off versus Mikael Backlund in Blackhawks zone.
6:03 of 3rd period - Snap shot by Jake Evans.
6:03 of 3rd period - Shot Misses the Net.
6:05 of 3rd period - Wrist shot by Blake Coleman.
6:05 of 3rd period - Stopped by David Rittich without a rebound.
6:06 of 3rd period - Mikael Backlund wins face-off versus Ondrej Palat in Blackhawks zone.
6:36 of 3rd period - Off-side.
6:37 of 3rd period - Evgeni Malkin wins face-off versus Luke Kunin in neutral zone.
6:40 of 3rd period - Yakov Trenin is hit by Brock Boeser and loses puck.
7:53 of 3rd period - Snap shot by Joel Kiviranta.
7:53 of 3rd period - Shot Misses the Net.
7:55 of 3rd period - Slapshot by Jayden Struble.
7:55 of 3rd period - Shot Blocked by Roman Josi.
7:57 of 3rd period - Snap shot by Matt Savoie.
7:57 of 3rd period - Stopped by David Rittich with a rebound.
8:36 of 3rd period - Snap shot by Drake Caggiula.
8:36 of 3rd period - Stopped by David Rittich without a rebound.
8:37 of 3rd period - Michael Rasmussen wins face-off versus Evgeni Malkin in Blackhawks zone.
9:03 of 3rd period - Ryan Pulock is hit by Mark Stone and loses puck.
9:10 of 3rd period - Snap shot by Blake Coleman.
9:10 of 3rd period - Stopped by David Rittich without a rebound.
9:11 of 3rd period - Yanni Gourde wins face-off versus Jake Evans in Blackhawks zone.
10:09 of 3rd period - Snap shot by Matt Coronato.
10:09 of 3rd period - Stopped by Connor Hellebuyck with a rebound.
10:19 of 3rd period - Moritz Seider is hit by Ondrej Palat and loses puck.
11:06 of 3rd period - Snap shot by Tyler Bertuzzi.
11:06 of 3rd period - Shot Blocked by Johnathan Kovacevic.
11:31 of 3rd period - Icing by Nic Dowd.
11:32 of 3rd period - Michael Rasmussen wins face-off versus Nic Dowd in Golden Knights zone.
11:50 of 3rd period - Snap shot by Matt Savoie.
11:50 of 3rd period - Shot Blocked by Adrian Kempe.
11:58 of 3rd period - Jayden Struble is hit by Adrian Kempe and loses puck.
12:18 of 3rd period - Nic Dowd is hit by Adrian Kempe and loses puck.
12:26 of 3rd period - Off-side.
12:27 of 3rd period - Evgeni Malkin wins face-off versus Yanni Gourde in neutral zone.
12:49 of 3rd period - Icing by Johnathan Kovacevic.
12:50 of 3rd period - Jake Evans wins face-off versus Mikael Backlund in Golden Knights zone.
12:57 of 3rd period - Tyler Bertuzzi is hit by Jake Evans and loses puck.
13:02 of 3rd period - Snap shot by Blake Coleman.
13:02 of 3rd period - Stopped by David Rittich with a rebound.
13:04 of 3rd period - Slapshot by Nick Leddy.
13:04 of 3rd period - Shot Misses the Net.
13:06 of 3rd period - Slapshot by Johnathan Kovacevic.
13:06 of 3rd period - Stopped by David Rittich without a rebound.
13:07 of 3rd period - Evgeni Malkin wins face-off versus Yanni Gourde in Blackhawks zone.
14:21 of 3rd period - Moritz Seider is hit by Patrick Maroon and loses puck.
14:38 of 3rd period - Wrist shot by Yanni Gourde.
14:38 of 3rd period - Shot Blocked by Jayden Struble.
14:40 of 3rd period - Slapshot by Yanni Gourde.
14:40 of 3rd period - Goal by Yanni Gourde - Blackhawks : 3 - Golden Knights : 2.
14:41 of 3rd period - Mikael Backlund wins face-off versus Evgeni Malkin in neutral zone.
14:56 of 3rd period - Snap shot by Matt Boldy.
14:56 of 3rd period - Shot Hit the Post.
15:04 of 3rd period - Minor Penalty to Tyler Bertuzzi for Hooking.
15:05 of 3rd period - Evgeni Malkin wins face-off versus Yanni Gourde in Blackhawks zone.
15:20 of 3rd period - Yanni Gourde is hit by Ryan Pulock and loses puck.
15:31 of 3rd period - Moritz Seider is hit by Jake Evans and loses puck.
15:54 of 3rd period - Wrist shot by Mikael Backlund.
15:54 of 3rd period - Shot Blocked by Johnathan Kovacevic.
16:41 of 3rd period - Icing by Jaycob Megna.
16:42 of 3rd period - Evgeni Malkin wins face-off versus Mikael Backlund in Golden Knights zone.
17:04 of 3rd period - Penalty to Tyler Bertuzzi is over, Tyler Bertuzzi is back on ice.
17:58 of 3rd period - Jayden Struble is hit by Yakov Trenin and loses puck.
18:26 of 3rd period - Matt Coronato is hit by Johnathan Kovacevic.
18:41 of 3rd period - Icing by Ryan Pulock.
18:42 of 3rd period - Jake Evans wins face-off versus Yanni Gourde in Golden Knights zone.
19:05 of 3rd period - Off-side.
19:06 of 3rd period - Sheldon Keefe call a timeout for Golden Knights.
19:06 of 3rd period - Evgeni Malkin wins face-off versus Yanni Gourde in neutral zone.
19:09 of 3rd period - Golden Knights, Connor Hellebuyck is pulled from the net.
19:33 of 3rd period - Snap shot by Matt Boldy.
19:33 of 3rd period - Stopped by David Rittich without a rebound.
19:34 of 3rd period - Evgeni Malkin wins face-off versus Yakov Trenin in Blackhawks zone.
19:45 of 3rd period - Wrist shot by Evgeni Malkin.
19:45 of 3rd period - Shot Misses the Net.
19:47 of 3rd period - Snap shot by Ryan Pulock.
19:47 of 3rd period - Shot Misses the Net.
19:49 of 3rd period - Backhand shot by Matt Boldy.
19:49 of 3rd period - Shot Misses the Net.
19:51 of 3rd period - Snap shot by Brock Boeser.
19:51 of 3rd period - Stopped by David Rittich without a rebound.
19:52 of 3rd period - Matt Boldy wins face-off versus Yanni Gourde in Blackhawks zone.
Goals for this period are 1 for Blackhawks vs 0 for Golden Knights.
Shots for this period are 5 for Blackhawks vs 10 for Golden Knights.